 Dungeon Crawl Stone Soup version 0.30.0-3-ga4e48a9924 (webtiles) character file.

Game seed: 6201282892224615834

634 RascalDebosk the Trooper (level 7, 0/54 HPs)
             Began as a Djinni Fire Elementalist on May 7, 2023.
             Was an Initiate of Gozag.
             Slain by a gnoll sergeant
             ... wielding a +0 trident
              (11 damage)
             ... on level 5 of the Dungeon.
             The game lasted 00:37:57 (3586 turns).

RascalDebosk the Trooper (Djinni Fire Elementalist) Turns: 3586, Time: 00:37:58

Health: 0/54       AC:  9    Str:  7    XL:     7   Next: 79%
Gold:   401        EV:  6    Int: 18    God:    Gozag SH:  0 Dex: 14

rFire   + + .        w - +0 flail (elec)
rCold   x . .        (no shield)
rNeg    . . .        a - +0 robe
rPois   ∞            x - +0 helmet
rElec   .            c - +1 cloak
rCorr   .            (no gloves)
SInv    .            (boots unavailable)
Will    .....        (no amulet)
Stlth   ++           i - +4 ring of protection
HPRegen 0.29/turn    (no ring)
MPRegen 0.00/turn

%: infuse magic (-1 HP)
@: weak-willed, flying, very slightly contaminated, held
A: sickness immunity, fire resistance 2, cold vulnerability 1, float, innate
caster, HP casting, extra vitality 1
a: Renounce Religion, Potion Petition, Call Merchant, Bribe Branch


You were on level 5 of the Dungeon.
You worshipped Gozag.
Gozag was aware of your devotion.
You visited 1 branch of the dungeon, and saw 5 of its levels.

You collected 491 gold pieces.
You spent 90 gold pieces at shops.

Inventory:

Hand Weapons
 w - a +0 flail of electrocution (weapon)
Missiles
 o - 4 throwing nets {@!f}
Armour
 a - a +0 robe (worn)
 c - a +1 cloak (worn)
 p - a +0 leather armour
 u - a +0 scale mail of willpower
 x - a +0 helmet (worn)
Jewellery
 i - a +4 ring of protection (left hand)
 t - a ring of see invisible
Wands
 s - a wand of polymorph (9)
Scrolls
 g - a scroll of blinking
Potions
 d - a potion of heal wounds {unknown}
 f - a potion of flight {unknown}
 h - 3 potions of curing
 j - 2 potions of cancellation
 l - a potion of haste {unknown}
 m - 2 potions of mutation
 q - a potion of degeneration {unknown}
 r - a potion of lignification {unknown}
 z - a potion of magic {unknown}


   Skills:
 * Level 5.1 Fighting
 + Level 1.7 Armour
 - Level 2.1 Dodging
 - Level 1.5 Stealth
 * Level 4.7 Spellcasting


You knew the following spells:

 Your Spells              Type           Power      Damage    Failure   Level
a - Foxfire               Conj/Fire      84%        2x1d8     1%          1
b - Scorch                Fire           42%        2d6       3%          2
c - Volatile Blastmotes   Fire/Tloc      42%        2d13      6%          3
d - Inner Flame           Hex/Fire       21%        N/A       6%          3
e - Flame Wave            Conj/Fire      21%        2d8       19%         4
f - Summon Small Mammal   Summ           84%        N/A       1%          1
g - Passwall              Tmut/Erth      17%        N/A       3%          2
h - Lesser Beckoning      Tloc           42%        N/A       3%          2
Your spell library was empty.

Dungeon Overview and Level Annotations

Branches:
Dungeon (5/15)             Temple (0/1) D:5

Altars:
Fedhas
Gozag
Makhleb
Nemelex Xobeh
Ru
Zin


Innate Abilities, Weirdness & Mutations

You are immune to sickness and miasma.
You are immune to poison.
Your flesh is very heat resistant. (rF++)
You are vulnerable to cold. (rC-)
You float through the air rather than walking.
You learn spells naturally, not from books.
Your magical power is your life essence.
You have superior vitality. (+4 MHP)


Message History

Confirm with . or Enter, or press ? or * to list all spells.
You conjure some foxfire!
The foxfire hits something but does no damage.
Casting: Foxfire (safe; 2% risk of failure)
Confirm with . or Enter, or press ? or * to list all spells.
You conjure some foxfire!
The foxfire hits something.
The foxfire hits something but does no damage.
The gnoll throws a throwing net.
The throwing net hits you.
You become entangled in the net!
Something hits you.
Casting: Foxfire (safe; 2% risk of failure)
Confirm with . or Enter, or press ? or * to list all spells.
You conjure some foxfire!
Casting: Foxfire (safe; 2% risk of failure)
Confirm with . or Enter, or press ? or * to list all spells.
You conjure some foxfire!
You hear a shout!
The foxfire hits something!
The foxfire hits something. x2
The foxfire hits something but does no damage.
You hear some strange, mumbled words.
Something tries to affect you, but you resist.
Casting: Foxfire (safe; 2% risk of failure)
Confirm with . or Enter, or press ? or * to list all spells.
You conjure some foxfire!
The foxfire hits something. x2
Something hits you but does no damage.
Casting: Foxfire (safe; 2% risk of failure)
Confirm with . or Enter, or press ? or * to list all spells.
You conjure some foxfire!
The foxfire hits something. x2
Reactivating autopickup.
You feel a bit more experienced.
Your Fighting skill increases to level 5!
Casting: Foxfire (safe; 1% risk of failure)
Confirm with . or Enter, or press ? or * to list all spells.
You conjure some foxfire!
The foxfire hits the gnoll but does no damage.
The foxfire hits the gnoll.
The gnoll is lightly wounded.
The gnoll hits you from afar with a +0 halberd.
Casting: Foxfire (safe; 1% risk of failure)
Confirm with . or Enter, or press ? or * to list all spells.
You conjure some foxfire!
The foxfire hits the gnoll but does no damage.
The gnoll is lightly wounded.
The foxfire hits the gnoll but does no damage.
The gnoll is lightly wounded.
Casting: Foxfire (safe; 1% risk of failure)
Confirm with . or Enter, or press ? or * to list all spells.
You conjure some foxfire!
The foxfire hits the gnoll sergeant but does no damage. x2
Casting: Foxfire (safe; 1% risk of failure)
Confirm with . or Enter, or press ? or * to list all spells.
You conjure some foxfire!
The foxfire hits the gnoll sergeant but does no damage. x2
The gnoll sergeant hits you from afar with a +0 trident.
* * * LOW HITPOINT WARNING * * *
Casting: Foxfire (safe; 1% risk of failure)
Confirm with . or Enter, or press ? or * to list all spells.
You conjure some foxfire!
* * * LOW HITPOINT WARNING * * *
The foxfire hits the gnoll sergeant.
The gnoll sergeant is lightly wounded.
The foxfire hits the gnoll sergeant.
The gnoll sergeant is moderately wounded.
The gnoll sergeant barely misses you.
Casting: Foxfire (safe; 1% risk of failure)
Confirm with . or Enter, or press ? or * to list all spells.
You miscast Foxfire.
You are very lightly contaminated with residual magic.
Nothing appears to happen.
* * * LOW HITPOINT WARNING * * *
The foxfire hits the gnoll sergeant.
The gnoll sergeant is moderately wounded.
The foxfire hits the gnoll sergeant but does no damage.
The gnoll sergeant is moderately wounded.
The gnoll sergeant barely misses you.
Casting: Foxfire (safe; 1% risk of failure)
Confirm with . or Enter, or press ? or * to list all spells.
You conjure some foxfire!
* * * LOW HITPOINT WARNING * * *
The gnoll sergeant hits you from afar with a +0 trident.
* * * LOW HITPOINT WARNING * * *
Casting: Foxfire (safe; 1% risk of failure)
Confirm with . or Enter, or press ? or * to list all spells.
You conjure some foxfire!
* * * LOW HITPOINT WARNING * * *
The gnoll sergeant hits you from afar with a +0 trident!
* * * LOW HITPOINT WARNING * * *
Casting: Foxfire (safe; 1% risk of failure)
Confirm with . or Enter, or press ? or * to list all spells.
You conjure some foxfire!
* * * LOW HITPOINT WARNING * * *
The foxfire hits the gnoll sergeant but does no damage.
The gnoll sergeant is moderately wounded.
The foxfire hits the gnoll sergeant.
The gnoll sergeant is heavily wounded.
The foxfire hits the gnoll sergeant but does no damage.
The gnoll sergeant is heavily wounded.
The gnoll sergeant hits you from afar with a +0 trident!
You die...
Your body crumbles into a pile of gold.

,* *****,,,,,,,,,,,,,,*,**,,,*
,*****,,,,,******,....,**,**,,,*
,,,,,,,,,,**,,,,,,...,,,,,,**,**
,,,,,,,,,<**,**,*,$.,,,**,,**,*
,,,,,,,,,,,,,#,,*#$#*****,,,,,*
,,,,,,,,,,***#.**g.* *,,,,,*
,,,,,,,,,,####.##g#* ***+***,*
*,,,,,,,,.#....§vv## *,,,,,*,*
*,,,,,,,,.....§§@$.#***,⌠,⌠,*,***
*,,,,,,,,......§v...#,+,,>,,+,,,,
*********...!.......[.#,⌠,⌠,*****
*.....?..^....#,,,,,*
*#.........##.#**+***
##...#...##*,..,,* #########
***#***


You could see a gnoll sergeant (ally target) and a gnoll.

Vanquished Creatures
  Sigmund (D:5)
  A black bear (D:4)
  A scorpion (D:4)
  Ijyb (D:4)
  Natasha (thrice) (D:4)
  An orc wizard (D:4)
  Robin (D:4)
  2 adders
  6 gnolls
  An ufetubus (D:4)
  2 dart slugs
  A worm (D:3)
  9 orcs
  3 endoplasms
  2 giant cockroaches
  19 goblins
  9 hobgoblins
  4 jackals
  3 quokkas
  7 ball pythons
  2 bats
  4 frilled lizards
  6 kobolds
  2 rats (D:1)
91 creatures vanquished.

Vanquished Creatures (others)
  219 foxfires
219 creatures vanquished.

Grand Total: 310 creatures vanquished

Notes
Turn   | Place    | Note
-------+----------+-------------------------------------------
     0 | D:1      | RascalDebosk the Djinni Fire Elementalist began the quest
                  | for the Orb.
     0 | D:1      | RascalDebosk set off with the following spells memorised:
                  | Foxfire, Scorch, Volatile Blastmotes, Inner Flame, Flame
                  | Wave.
     0 | D:1      | Reached XP level 1. HP: 15/15 MP: 0/0
   263 | D:1      | Reached skill level 1 in Fighting
   263 | D:1      | Reached XP level 2. HP: 19/22 MP: 0/0
   761 | D:2      | Reached XP level 3. HP: 22/27 MP: 0/0
   761 | D:2      | Learned a level 1 spell: Summon Small Mammal
   916 | D:2      | Reached skill level 2 in Fighting
  1041 | D:2      | Found a sacrificial altar of Ru.
  1224 | D:2      | Reached XP level 4. HP: 29/33 MP: 0/0
  1624 | D:3      | Found a faded altar of an unknown god.
  1633 | D:3      | Prayed at the altar of an unknown god.
  1633 | D:3      | Became a worshipper of Gozag Ym Sagoz the Greedy
  1785 | D:3      | Found a sacrificial altar of Ru.
  1908 | D:3      | Found a blossoming altar of Fedhas.
  2106 | D:4      | Noticed a scorpion
  2114 | D:4      | Killed a scorpion
  2115 | D:4      | Reached skill level 3 in Fighting
  2115 | D:4      | Reached XP level 5. HP: 30/40 MP: 0/0
  2115 | D:4      | Learned a level 2 spell: Passwall
  2119 | D:4      | Found Zin's Purification Station.
  2122 | D:4      | Found a glowing silver altar of Zin.
  2125 | D:4      | Bought a potion of curing for 90 gold pieces
  2171 | D:4      | Noticed Ijyb
  2177 | D:4      | Killed Ijyb
  2228 | D:4      | Reached XP level 6. HP: 35/46 MP: 0/0
  2644 | D:4      | Noticed Robin
  2652 | D:4      | Reached skill level 4 in Fighting
  2699 | D:4      | Killed Robin
  2864 | D:4      | Found a sparkling altar of Nemelex Xobeh.
  2940 | D:4      | Noticed Natasha
  2945 | D:4      | Killed Natasha
  2982 | D:4      | Found a burning altar of Makhleb.
  3313 | D:4      | Noticed Natasha
  3316 | D:4      | Killed Natasha
  3360 | D:4      | Noticed Natasha
  3362 | D:4      | Killed Natasha
  3390 | D:4      | Noticed a black bear
  3397 | D:4      | Killed a black bear
  3398 | D:4      | Reached skill level 1 in Armour
  3398 | D:4      | Reached XP level 7. HP: 29/53 MP: 0/0
  3398 | D:4      | Learned a level 2 spell: Lesser Beckoning
  3547 | D:5      | Entered Level 5 of the Dungeon
  3565 | D:5      | Noticed Sigmund
  3577 | D:5      | Killed Sigmund
  3578 | D:5      | Reached skill level 5 in Fighting
  3586 | D:5      | Slain by a gnoll sergeant

Illustrated notes

Levels and vault maps discovered:
D:1:      dpeg_arrival_boxes_within_box, layout_loops_ring, serial_glass,
          glass_columns_a, glass_columns_b
D:2:      layout_loops_ring, basic_altar
D:3:      layout_basic, lemuel_tele_altar, mainiacjoe_overflow_two_lobes,
          nicolae_ecumenical_lake_church, eino_tiny_chamber,
          minmay_fractal_squares_5
D:4:      layout_basic, lightli_temple_of_fire, zin_purify,
          general_overflow_altar, kennysheep_generic_room_7, uniq_natasha,
          uniq_ijyb, uniq_robin
D:5:      layout_rooms, okawaru_metal_pillars_3, minmay_temple_entry_hall,
          st_stairs_12, chequers_mini_garden, uniq_sigmund

Skill      XL: |  1  2  3  4  5  6  7 |
---------------+----------------------+-----
Fighting       | 1 2 3 4 5 |  5.1
Spellcasting   | 3 4 |  4.7
Armour         | 1 |  1.7
Dodging        | |  2.1
Stealth        | |  1.5

Action                     |  1- 3 |  4- 6 |  7- 9 || total
---------------------------+-------+-------+-------++-------
   Cast: Foxfire           |    44 |    65 |    22 ||   131
         Scorch            |    14 |    43 |     1 ||    58
         Summon Small Mamm |     1 |       |       ||     1
         Inner Flame       |       |     4 |       ||     4
         Volatile Blastmot |       |     3 |       ||     3
    Use: Scroll            |       |     1 |     8 ||     9
 Armour: Robe              |       |     6 |     1 ||     7
  Dodge: Dodged            |     1 |    21 |     2 ||    24
